 Dungeon Crawl Stone Soup version 0.27-a0-1202-ge72e49191c (webtiles) character file.

Game seed: 11629067917042319981

607 EldarEldrad the Conjurer (level 7, -6/36 HPs)
             Began as a Deep Elf Fire Elementalist on June 2, 2021.
             Killed by divine providence
             ... invoked by an orc priest
              (13 damage)
             ... on level 5 of the Dungeon.
             The game lasted 00:19:05 (5060 turns).

EldarEldrad the Conjurer (DEFE)                     Turns: 5060, Time: 00:19:08

Health: -6/36      AC:  2    Str:  5    XL:     7   Next: 19%
Magic:  19/26      EV: 12    Int: 22    God:
Gold:   183        SH:  0    Dex: 15    Spells: 4/17 levels left

rFire    . . .     SeeInvis .   (no weapon)
rCold    . . .     Faith    .   (no shield)
rNeg     . . .     Spirit   .   a - +0 robe
rPois    .         Reflect  .   (no helmet)
rElec    .         Harm     .   (no cloak)
rCorr    .         Rampage  .   (no gloves)
Will     .....                  (no boots)
Stlth    ++........             (no amulet)
HPRegen  0.12/turn              b - ring of wizardry
MPRegen  0.20/turn              c - ring of magical power

@: no status effects
A: no striking features
a: no special abilities


You were on level 5 of the Dungeon.
You visited 1 branch of the dungeon, and saw 5 of its levels.

You collected 183 gold pieces.

Inventory:

Hand Weapons
 l - a +0 dagger
Missiles
 e - a throwing net
 f - 29 poisoned darts
Armour
 a - a +0 robe (worn)
Jewellery
 b - a ring of wizardry (left hand)
 c - a ring of magical power (right hand)
 q - an amulet of faith
Scrolls
 g - a scroll of teleportation {unknown}
 i - a scroll of fog
 k - a scroll of blinking {unknown}
 n - a scroll of enchant weapon {unknown}
 o - 2 scrolls of magic mapping {unknown}
 p - 2 scrolls of brand weapon {unknown}
Potions
 d - 3 potions of invisibility
 h - a potion of heal wounds
 j - 2 potions of lignification
 m - a potion of brilliance
 r - a potion of resistance {unknown}


   Skills:
 - Level 2.4 Dodging
 - Level 2.4 Stealth
 + Level 5.9 Spellcasting
 * Level 6.0 Conjurations
 + Level 5.3 Fire Magic


You had 4 spell levels left.
You knew the following spells:

 Your Spells              Type           Power      Damage    Failure   Level
a - Foxfire               Conj/Fire      100%       2x1d9     1%          1
b - Conjure Flame         Conj/Fire      31%        6-21      1%          3
c - Fireball              Conj/Fire      15%        3d8       11%         5
d - Sticky Flame          Conj/Fire      31%        2d5       3%          4

Your spell library contained the following spells:

 Spells                   Type           Power      Damage    Failure   Level
 Dazzling Flash           Conj/Hex       38%        N/A       3%          3
 Corona                   Hex            6%         N/A       4%          1
 Inner Flame              Hex/Fire       18%        N/A       4%          3
 Ensorcelled Hibernation  Hex/Ice        12%        N/A       6%          2
 Confusing Touch          Hex            6%         N/A       12%         3
 Tukima's Dance           Hex            6%         N/A       12%         3


Dungeon Overview and Level Annotations

Branches:
Dungeon (5/15)
 Temple: D:4-7

Altars:
Ashenzari
Dithmenos
Elyvilon
Hepliaklqana
Kikubaaqudgha
Trog


Message History

The orc wizard flickers and vanishes!
Deactivating autopickup; reactivate with Ctrl-A.
You conjure some foxfire!
The foxfire hits something but does no damage.
You conjure some foxfire!
An ice beast comes into view.
The foxfire hits something.
The foxfire hits something!
The foxfire hits something.
Reactivating autopickup.
You feel a bit more experienced.
Your Conjurations skill increases to level 6!
You conjure some foxfire!
The foxfire hits the ice beast.
The ice beast melts!
The ice beast is lightly wounded.
The foxfire hits the ice beast but does no damage.
The ice beast is lightly wounded.
An orc priest comes into view. It is wielding a +0 hand axe.
You conjure some foxfire!
The orc priest shouts!
The foxfire hits the ice beast.
The ice beast melts!
The ice beast is moderately wounded.
The foxfire hits the ice beast but does no damage.
The ice beast is moderately wounded.
The ice beast barely misses you.
There are monsters nearby!
You conjure some foxfire!
The ice beast barely misses you.
The foxfire hits the ice beast!
The ice beast melts!
The ice beast is severely wounded.
The foxfire hits the ice beast but does no damage.
The ice beast is severely wounded.
The ice beast hits you. The ice beast freezes you!
You conjure some foxfire!
The ice beast hits you. The ice beast freezes you!
* * * LOW HITPOINT WARNING * * *
The foxfire hits the ice beast.
The ice beast melts!
The ice beast is severely wounded.
The foxfire hits the ice beast.
The ice beast melts!
The ice beast is almost dead.
The orc priest invokes the aid of Beogh against you.
Beogh smites you!
You die...

#############
########....@.......
#..§§>...###Y#....##
#.######.# #o.§PP..#
#####.# #.#
#)..P...# ......#
#.# #)#....##
####### ... #.##..##
####### #.. #.# .##
....... #.#.#.# #
####### #.#.


You could see an ice beast and an orc priest.

Vanquished Creatures
  Sigmund (D:2)
  Blork the orc (D:4)
  A gnoll sergeant (D:4)
  2 jellies (D:4)
  Natasha (thrice) (D:2)
  An orc wizard (D:5)
  2 adders (D:2)
  7 gnolls
  4 worms
  A dart slug (D:1)
  4 orcs
  6 endoplasms
  7 goblins
  4 hobgoblins
  8 jackals
  2 quokkas
  10 ball pythons
  4 bats
  A frilled lizard (D:3)
  3 kobolds
  3 rats
  A rat zombie (D:4)
76 creatures vanquished.

Vanquished Creatures (others)
  293 foxfires
293 creatures vanquished.

Grand Total: 369 creatures vanquished

Notes
Turn   | Place    | Note
-------+----------+-------------------------------------------
     0 | D:1      | EldarEldrad the Deep Elf Fire Elementalist began the quest
                  | for the Orb.
     0 | D:1      | Reached XP level 1. HP: 10/10 MP: 6/6
   274 | D:1      | Reached XP level 2. HP: 15/15 MP: 5/8
   330 | D:1      | Found a faded altar of an unknown god.
   689 | D:1      | Reached skill level 2 in Conjurations
  1102 | D:2      | Reached XP level 3. HP: 19/19 MP: 2/10
  1172 | D:1      | Learned a level 3 spell: Conjure Flame
  1181 | D:2      | Reached skill level 3 in Conjurations
  1393 | D:2      | Reached XP level 4. HP: 24/24 MP: 7/11
  1442 | D:2      | Noticed Natasha
  1446 | D:2      | Killed Natasha
  1603 | D:2      | Noticed Natasha
  1607 | D:2      | Killed Natasha
  1885 | D:2      | Noticed Sigmund
  1891 | D:2      | Killed Sigmund
  1892 | D:2      | Reached skill level 5 in Spellcasting
  1892 | D:2      | Reached skill level 4 in Conjurations
  1892 | D:2      | Reached XP level 5. HP: 28/28 MP: 6/14
  1892 | D:2      | Reached XP level 6. HP: 32/32 MP: 6/15
  1901 | D:2      | Noticed Natasha
  1905 | D:2      | Killed Natasha
  2327 | D:2      | Learned a level 5 spell: Fireball
  2332 | D:2      | Learned a level 4 spell: Sticky Flame
  3138 | D:3      | Found a bloodstained altar of Trog.
  3474 | D:3      | Reached skill level 5 in Conjurations
  3930 | D:4      | Found a shadowy altar of Dithmenos.
  4047 | D:4      | Noticed Blork the orc
  4255 | D:4      | Reached skill level 5 in Fire Magic
  4514 | D:4      | Found an ancient bone altar of Kikubaaqudgha.
  4515 | D:4      | Identified the +1 chain mail of Uschenud {Dex+4}
  4823 | D:4      | Found a broken altar of Ashenzari.
  4823 | D:4      | Found a white marble altar of Elyvilon.
  4823 | D:4      | Found a hazy altar of Hepliaklqana.
  4932 | D:4      | Killed Blork the orc
  4933 | D:4      | Reached XP level 7. HP: 36/36 MP: 17/17
  4978 | D:5      | Entered Level 5 of the Dungeon
  5051 | D:5      | Reached skill level 6 in Conjurations
  5060 | D:5      | Killed from afar by an orc priest

Illustrated notes

Levels and vault maps discovered:
D:1:      dpeg_arrival_rooms_b, layout_loops_ring, basic_ecumenical_altar
D:2:      layout_basic, uniq_sigmund, uniq_natasha
D:3:      layout_basic, trog_three_pillars_becter, cheibrodos_sewer_entry_bend
D:4:      layout_basic, lemuel_zombie_altar_kikubaaqudgha,
          general_overflow_altar, gammafunk_temple_overflow_claw,
          lightli_minifort, uniq_blork_the_orc
D:5:      layout_loops_ring, ebering_ghost_reflecting_pool, serial_park_tiny_1

Skill      XL: |  1  2  3  4  5  6  7 |
---------------+----------------------+-----
Conjurations   | 2 3 4 5 6 |  6.0
Spellcasting   | 5 |  5.9
Fire Magic     | 4 5 |  5.3
Dodging        | |  2.4
Stealth        | |  2.4

Action                   |  1- 3 |  4- 6 |  7- 9 || total
-------------------------+-------+-------+-------++-------
Melee: Unarmed           |       |     4 |       ||     4
 Cast: Foxfire           |    65 |   108 |    11 ||   184
       Fireball          |       |     1 |       ||     1
       Conjure Flame     |       |     1 |       ||     1
  Use: Scroll            |       |     5 |       ||     5
Armor: Robe              |     2 |    15 |       ||    17
Dodge: Dodged            |     8 |    30 |     2 ||    40

Table legend: (Time is in decaauts)
 A = Elapsed time spent in this place.
 B = Non-inter-level travel time spent in this place.
 C = Inter-level travel time spent in this place.
 D = Time resting spent in this place.
 E = Time spent auto-exploring this place.
 F = Levels seen in this place.
 G = Mean time per level.
                   A        B        C        D        E       F      G
               +--------+--------+--------+--------+--------+-----+--------+
         Total |   5076 |   4930 |    146 |   1332 |   2844 |   5 | 1015.2 |
       Dungeon |   5076 |   4930 |    146 |   1332 |   2844 |   5 | 1015.2 |
               +--------+--------+--------+--------+--------+-----+--------+

Top non-repeatable levels by time:
     D:2: 1598 daAuts
     D:3: 1229 daAuts
     D:4: 1100 daAuts
     D:1: 1065 daAuts
     D:5: 81 daAuts
